 Dungeon Crawl Stone Soup version 0.27-a0-607-g1ad3dbde53 (webtiles) character file.

Game seed: 16434857207458978205

203 Drevant2 the Digger (level 5, -2/28 HPs)
             Began as a Gargoyle Earth Elementalist on Mar 13, 2021.
             Was an Initiate of Nemelex Xobeh.
             Slain by an ogre
             ... wielding a +0 giant club
              (18 damage)
             ... on level 4 of the Dungeon.
             The game lasted 00:10:13 (3818 turns).

Drevant2 the Digger (Gargoyle Earth Elementalist)   Turns: 3818, Time: 00:10:15

Health: -2/28      AC:  6    Str: 12    XL:     5   Next: 81%
Magic:  6/8        EV: 11    Int: 16    God:    Nemelex Xobeh [......]
Gold:   253        SH:  0    Dex: 10    Spells: 7/8 levels left

rFire    + . .     SeeInvis .   t - +4 quarterstaff (chaos)
rCold    + . .     Faith    .   (shield currently unavailable)
rNeg     + . .     Spirit   .   c - +0 robe
rPois    ∞         Reflect  .   (no helmet)
rElec    +         Harm     .   r - scarf {rC+ rF+}
rCorr    +         Rampage  .   (no gloves)
Will     .....                  (no boots)
Stlth    ++........             k - amulet of regeneration
HPRegen  1.09/turn              g - ring of resist corrosion
MPRegen  0.11/turn              (no ring)

@: no status effects
A: negative energy resistance 1, electricity resistance, torment resistance 1,
unbreathing 1, petrification resistance, AC +4
a: Renounce Religion, Draw Escape, Draw Destruction, Draw Summoning


You were on level 4 of the Dungeon.
You worshipped Nemelex Xobeh.
Nemelex Xobeh was noncommittal.
You visited 1 branch of the dungeon, and saw 4 of its levels.

You collected 253 gold pieces.

Inventory:

Hand Weapons
 d - a +0 short sword
 t - a +4 quarterstaff of chaos (weapon)
Missiles
 b - 119 stones
 p - a throwing net
Armour
 c - a +0 robe (worn)
 r - a scarf of resistance (worn)
Jewellery
 g - a ring of resist corrosion (right hand)
 k - an amulet of regeneration (around neck)
 m - an amulet of the acrobat
Wands
 q - a wand of polymorph (8)
Scrolls
 e - 4 scrolls of identify {unknown}
 j - 2 scrolls of teleportation {unknown}
 l - a scroll of amnesia {unknown}
 n - a scroll of noise {unknown}
 o - a scroll of magic mapping {unknown}
Potions
 a - a potion of flight {unknown}
 f - a potion of degeneration {unknown}
 h - 4 potions of heal wounds {unknown}
 i - 3 potions of curing {unknown}
 s - a potion of haste {unknown}


   Skills:
 + Level 0.1 Staves
 - Level 1.5 Dodging
 - Level 2.1 Stealth
 - Level 2.0 Spellcasting
 - Level 0.7 Transmutations
 * Level 7.6 Earth Magic


You had 7 spell levels left.
You knew the following spells:

 Your Spells              Type           Power      Damage    Failure   Level
a - Sandblast             Erth           50%        2d12      1%          1

Your spell library contained the following spells:

 Spells                   Type           Power      Damage    Failure   Level
 Passwall                 Tmut/Erth      11%        N/A       6%          2
 Stone Arrow              Conj/Erth      26%        3d8       13%         3
 Corona                   Hex            1%         N/A       21%         1
 Lee's Rapid Deconstruct  Erth           12%        3d10*     26%         5
 Ensorcelled Hibernation  Hex/Ice        2%         N/A       30%         2
 Petrify                  Tmut/Erth      14%        N/A       36%         4
 Confusing Touch          Hex            1%         N/A       52%         3
 Dazzling Flash           Conj/Hex       2%         N/A       52%         3
 Tukima's Dance           Hex            1%         N/A       52%         3


Dungeon Overview and Level Annotations

Branches:
Dungeon (4/15)
 Temple: D:4-7

Altars:
Cheibriados
Nemelex Xobeh
Uskayaw
Vehumet
Xom
Zin

Annotations:
D:4 Dowan


Innate Abilities, Weirdness & Mutations

Your stone body is resilient. (AC +4)
You are immune to poison.
You resist negative energy. (rN+)
You are resistant to electric shocks. (rElec)
You are resistant to unholy torment.
You can survive without breathing.
You are immune to petrification.


Message History

You hear the slow rusting of a distant drain.
A worm comes into view.
You sock the worm!
The worm is severely wounded.
The worm closely misses you.
You hit the worm.
You kill the worm!
No target in view!
No target in view!
You see here a worm corpse.
A worm comes into view.
An ogre comes into view. It is wielding a +0 giant club.
The ogre barely misses you.
You sock the ogre!
The ogre goes berserk!
The ogre is moderately wounded.
The ogre barely misses you. The ogre hits you with a +0 giant club!
Ouch! That really hurt!
You are too injured to fight recklessly!
You are too injured to fight recklessly!
You are too injured to fight recklessly!
You are too injured to fight recklessly!
Casting: Sandblast (safe; 1% risk of failure)
Confirm with . or Enter, or press ? or * to list all spells.
Aiming: Sandblast (safe; 1% risk of failure)
Press: ? - help, Shift-Dir - straight line, f - ogre
Aim: an ogre, wielding a +0 giant club (moderately wounded, berserk, 9% to evade)
The blast of sand hits the ogre.
The ogre is heavily wounded.
The ogre barely misses you.
Casting: Sandblast (safe; 1% risk of failure)
Confirm with . or Enter, or press ? or * to list all spells.
Aiming: Sandblast (safe; 1% risk of failure)
Press: ? - help, Shift-Dir - straight line, f/p - ogre
Aim: an ogre, wielding a +0 giant club (heavily wounded, berserk, 9% to evade)
The blast of sand hits the ogre!
The ogre is almost dead.
The ogre hits you with a +0 giant club!!
Ouch! That really hurt!
You die...
Your body disappears without a glow.

##### ....
≈##≈###.######
.≈≈.w........#
≈≈..##@####†###
≈ #O# #...# #.#
###.# #.# #.#
#.# #.# #.#
#.### ..# #...#
..########.##
#.........#


You could see an ogre (berserk) and a worm.

Vanquished Creatures
  Crazy Yiuf (D:3)
  Natasha (D:1)
  Ijyb (D:3)
  4 adders
  2 oozes
  3 worms
  2 dart slugs
  A leopard gecko (D:4)
  An orc (D:3)
  3 giant cockroaches
  15 goblins
  3 hobgoblins
  8 jackals
  5 kobolds (D:1)
  6 bats
  2 frilled lizards
  8 rats
66 creatures vanquished.

Notes
Turn   | Place    | Note
-------+----------+-------------------------------------------
     0 | D:1      | Drevant2 the Gargoyle Earth Elementalist began the quest
                  | for the Orb.
     0 | D:1      | Reached XP level 1. HP: 10/10 MP: 3/3
    70 | D:1      | Reached skill level 4 in Earth Magic
   180 | D:1      | Reached XP level 2. HP: 15/15 MP: 5/5
   614 | D:1      | Reached XP level 3. HP: 11/19 MP: 1/6
   618 | D:1      | Reached skill level 5 in Earth Magic
  1229 | D:2      | Noticed Natasha
  1248 | D:1      | Killed Natasha
  1609 | D:2      | Reached XP level 4. HP: 24/24 MP: 4/7
  1884 | D:2      | Reached skill level 6 in Earth Magic
  2639 | D:2      | Found a glowing silver altar of Zin.
  2650 | D:2      | Found a snail-covered altar of Cheibriados.
  2650 | D:2      | Found a radiant altar of Vehumet.
  2651 | D:2      | Found a shimmering altar of Xom.
  2656 | D:2      | Found a sparkling altar of Nemelex Xobeh.
  2658 | D:2      | Found a hide-covered altar of Uskayaw.
  2662 | D:2      | Became a worshipper of Nemelex Xobeh the Trickster
  2800 | D:3      | Noticed Ijyb
  2837 | D:3      | Killed Ijyb
  2838 | D:3      | Reached XP level 5. HP: 28/28 MP: 3/8
  2925 | D:3      | Reached skill level 7 in Earth Magic
  3123 | D:3      | Found a runed translucent door.
  3124 | D:3      | Noticed Crazy Yiuf
  3612 | D:3      | Killed Crazy Yiuf
  3739 | D:4      | Noticed Dowan
  3814 | D:4      | Noticed an ogre
  3818 | D:4      | Slain by an ogre

Illustrated notes

Levels and vault maps discovered:
D:1:      co_arrival_random_square_maze, layout_basic, serial_forest,
          infiniplex_forest_join, infiniplex_forest_zigzag_1,
          infiniplex_forest_straight_3, infiniplex_forest_end_3,
          infiniplex_forest_clump_curved, infiniplex_forest_lined_3,
          infiniplex_forest_lined_corner, infiniplex_forest_end_2
D:2:      minmay_diamond_boxcup, layout_loops_ring, minitemple, uniq_natasha
D:3:      layout_basic, serial_glass, glass_columns_c, glass_columns_a,
          minivault_24, uniq_crazy_yiuf_cottage, uniq_ijyb
D:4:      layout_basic, grunt_dithmenos_smoke_and_mirrors,
          cheibrodos_sewer_entry_sluice, dk_rats_in_the_wall, uniq_duvessa

Skill      XL: |  1  2  3  4  5 |
---------------+----------------+-----
Earth Magic    | 4 5 6 7 |  7.6
Staves         | |  0.1
Dodging        | |  1.5
Stealth        | |  2.1
Spellcasting   | |  2.0
Transmutations | |  0.7

Action                   |  1- 3 |  4- 6 || total
-------------------------+-------+-------++-------
Melee: Short sword       |    71 |   100 ||   171
       Unarmed           |       |     9 ||     9
       Quarterstaff      |       |     4 ||     4
 Cast: Sandblast         |    20 |    29 ||    49
 Stab: Sleeping          |     1 |     9 ||    10
Armor: Robe              |    27 |    37 ||    64
       Skin              |       |     1 ||     1
Dodge: Dodged            |    46 |    73 ||   119

Table legend: (Time is in decaauts)
 A = Elapsed time spent in this place.
 B = Non-inter-level travel time spent in this place.
 C = Inter-level travel time spent in this place.
 D = Time resting spent in this place.
 E = Time spent auto-exploring this place.
 F = Levels seen in this place.
 G = Mean time per level.
                   A        B        C        D        E       F      G
               +--------+--------+--------+--------+--------+-----+--------+
         Total |   3862 |   3593 |    269 |   1051 |   2031 |   4 |  965.5 |
       Dungeon |   3862 |   3593 |    269 |   1051 |   2031 |   4 |  965.5 |
               +--------+--------+--------+--------+--------+-----+--------+

Top non-repeatable levels by time:
     D:1: 1712 daAuts
     D:2: 1025 daAuts
     D:3: 1003 daAuts
     D:4: 120 daAuts
